 Dungeon Crawl Stone Soup version 0.31-a0-968-g24f9ace (webtiles) character file.

Game seed: 17178811594855233890

2010443 Unit the Wrestler (level 23, 208/208 HPs)
             Began as a Demonspawn Warper on Oct 27, 2023.
             Was an Initiate of Gozag.
             Escaped with the Orb
             ... and 3 runes!
             The game lasted 01:28:44 (44816 turns).

Unit the Wrestler (Demonspawn Warper)              Turns: 44816, Time: 01:28:45

Health: 208/208    AC: 40    Str: 30    XL:     23   Next: 66%
Magic:  26/26      EV:  7    Int: 19    God:    Gozag
Gold:   4499       SH: 25    Dex:  9    Spells: 26/26 levels left

rFire   + +          +
                       - Unarmed
rCold   + + +        U - +5 tower shield {rF+}
rNeg    + + +        R - +12 gold dragon scales
rPois   +            b - +0 helmet of the Game of Life {rF++ Dex-3 Stlth+}
rElec   +            Q - scarf of Koca {+Inv, Fly Regen+ Str+6 Stlth+}
rCorr   +            (gloves unavailable)
SInv    .            w - +2 pair of boots
Will    ++...        K - amulet of regeneration Stlth
                     f - ring of Untruth {Drain Fly rN+++ rCorr Stlth-}
HPRegen 2.14/turn    r - ring "Mutuygay" {rC+ Will+ Str+3}
MPRegen 0.20/turn

%: no passive effects
@: flying
A: thin metallic scales 3, demonic guardian 2, powered by pain 3, augmentation
2, demonic touch 3, clever 1, cold resistance 1, screaming 1, sturdy frame 1,
devolution 1
0: Orb of Zot
}: 3/15 runes: decaying, serpentine, silver
a: Renounce Religion, Evoke Invisibility, Potion Petition, Call Merchant, Bribe
Branch


You escaped.
You worshipped Gozag.
Gozag was most pleased with you.
You visited 10 branches of the dungeon, and saw 48 of its levels.
You also visited: Gauntlet.

You collected 27126 gold pieces.
You spent 7130 gold pieces at shops.
You paid 15497 gold pieces to Gozag.

Inventory:

Missiles
 d - 7 darts of dispersal (quivered)
 p - a curare-tipped dart
 x - 39 poisoned darts
 z - 10 atropa-tipped darts
 A - 2 datura-tipped darts
 F - 6 throwing nets
Armour
 b - the +0 helmet of the Game of Life (worn) {rF++ Dex-3 Stlth+}
   (You found it on level 2 of the Orcish Mines)

   Dex-3:     It affects your dexterity (-3).
   rF++:      It greatly protects you from fire.
   Stlth+:    It makes you more stealthy.
 w - a +2 pair of boots (worn)
 P - the +16 gold dragon scales of the Trombone {*Corrode rPois rF+ rC+ rN+ Int+3}
   (You found it on level 3 of the Elven Halls)

   Int+3:     It affects your intelligence (+3).
   rF+:       It protects you from fire.
   rC+:       It protects you from cold.
   rPois:     It protects you from poison rN+: It protects you from negative
   energy.
   *Corrode:  It may corrode you when you take damage.
 Q - the scarf of Koca (worn) {+Inv, Fly Regen+ Str+6 Stlth+}
   (You acquired it on level 7 of the Dungeon)

   Str+6:     It affects your strength (+6).
   Fly:       It grants you flight.
   Regen+:    It increases your rate of health regeneration.
   Stlth+:    It makes you more stealthy.
 R - +12 gold dragon scales (worn)
 U - a +5 tower shield of fire resistance (worn)
Jewellery
 f - the ring of Untruth (left hand) {Drain Fly rN+++ rCorr Stlth-}
   (You bought it in a shop on level 1 of the Vaults)

   [ring of flight]

   rN+++:     It renders you almost immune to negative energy.
   Fly:       It grants you flight.
   rCorr:     It protects you from acid and corrosion.
   Drain:     It drains your maximum health when unequipped.
   Stlth-:    It makes you less stealthy.
 r - the ring "Mutuygay" (right hand) {rC+ Will+ Str+3}
   (You found it on level 2 of the Orcish Mines)

   [ring of protection from cold]

   Str+3:     It affects your strength (+3).
   rC+:       It protects you from cold.
   Will+:     It increases your willpower.
 K - an amulet of regeneration (around neck)
 Y - a ring of see invisible
Wands
 j - a wand of paralysis (80)
 l - a wand of mindburst (37)
 t - a wand of flame (18)
 v - a wand of digging (1)
 E - a wand of light (21)
 S - a wand of iceblast (13)
Scrolls
 c - a scroll of butterflies
 e - 2 scrolls of amnesia
 g - 13 scrolls of noise
 h - 2 scrolls of fog
 i - 12 scrolls of teleportation
 m - a scroll of revelation
 n - 5 scrolls of fear
 q - 2 scrolls of immolation
 y - a scroll of blinking
 B - a scroll of enchant armour
 J - 4 scrolls of torment
 M - 2 scrolls of vulnerability
 T - 3 scrolls of poison
 W - a scroll of silence
Potions
 a - 3 potions of ambrosia
 k - 12 potions of brilliance
 o - 3 potions of attraction
 s - 6 potions of mutation
 u - 6 potions of enlightenment
 C - 10 potions of curing
 D - 3 potions of lignification
 G - a potion of haste
 H - 5 potions of magic
 I - 6 potions of might
 L - 4 potions of invisibility
 N - 11 potions of heal wounds
 O - 3 potions of resistance
 X - a potion of berserk rage
 Z - 3 potions of cancellation
Miscellaneous
 V - a phantom mirror


   Skills:
 + Level 23.7 Fighting
 - Level 1.7 Polearms
 - Level 0.8 Throwing
 - Level 13.0 Armour
 - Level 1.7 Dodging
 - Level 20.0 Shields
 + Level 24.3 Unarmed Combat
 - Level 2.0 Spellcasting
 - Level 2.6 Translocations


You had 26 spell levels left.
You didn't know any spells.
Your spell library contained the following spells:

 Spells                   Type           Power      Damage    Failure   Level
 Apportation              Tloc           42%        N/A       69%         1
 Blink                    Tloc           42%        N/A       83%         2
 Lesser Beckoning         Tloc           42%        N/A       83%         2
 Foxfire                  Conj/Fire      12%        2x1d4     96%         1
 Magic Dart               Conj           12%        1d3       96%         1
 Necrotise                Necr           12%        1d4       96%         1
 Slow                     Hex            12%        N/A       96%         1
 Summon Small Mammal      Summ           12%        N/A       96%         1
 Teleport Other           Tloc           21%        N/A       96%         3
 Call Imp                 Summ           6%         N/A       99%         2
 Ensorcelled Hibernation  Hex/Ice        6%         N/A       99%         2
 Jinxbite                 Hex            6%         N/A       99%         2
 Passwall                 Tmut/Erth      2%         N/A       99%         2
 Scorch                   Fire           6%         2d5       99%         2
 Static Discharge         Conj/Air       6%         3-4/arc   99%         2
 Call Canine Familiar     Summ           3%         N/A       100%        3
 Confusing Touch          Hex            3%         N/A       100%        3
 Hailstorm                Conj/Ice       3%         3d3       100%        3
 Mephitic Cloud           Conj/Pois/Air  3%         N/A       100%        3
 Ozocubu's Armour         Ice            3%         N/A       100%        3
 Sigil of Binding         Hex            3%         N/A       100%        3
 Stone Arrow              Conj/Erth      6%         3d7       100%        3
 Summon Guardian Golem    Hex/Summ       3%         N/A       100%        3
 Swiftness                Air            3%         N/A       100%        3
 Tukima's Dance           Hex            3%         N/A       100%        3
 Vampiric Draining        Necr           3%         2d6       100%        3
 Airstrike                Air            1%         2d(1-17)  100%        4
 Anguish                  Hex/Necr       1%         N/A       100%        4
 Animate Armour           Summ/Erth      6%         N/A       100%        4
 Brom's Barrelling Bould  Conj/Erth      3%         2d3       100%        4
 Dimensional Bullseye     Hex/Tloc       6%         N/A       100%        4
 Flame Wave               Conj/Fire      3%         2d5       100%        4
 Iskenderun's Mystic Bla  Conj/Tloc      12%        2d5       100%        4
 Manifold Assault         Tloc           21%        N/A       100%        4
 Summon Ice Beast         Ice/Summ       3%         N/A       100%        4
 Summon Lightning Spire   Summ/Air       3%         N/A       100%        4
 Vhi's Electric Charge    Tloc/Air       24%        N/A       100%        4
 Alistair's Intoxication  Tmut/Pois      2%         N/A       100%        5
 Arcjolt                  Conj/Air       1%         1d11      100%        5
 Fireball                 Conj/Fire      1%         3d3       100%        5
 Freezing Cloud           Conj/Ice/Air   1%         6-21      100%        5
 Iskenderun's Battlesphe  Conj           3%         2d6       100%        5
 Metabolic Englaciation   Hex/Ice        1%         N/A       100%        5
 Summon Forest            Summ/Tloc      6%         N/A       100%        5
 Summon Mana Viper        Hex/Summ       3%         N/A       100%        5
 Conjure Ball Lightning   Conj/Air       1%         3x3d6     100%        6
 Plasma Beam              Fire/Air       1%         2x1d11    100%        6
 Starburst                Conj/Fire      1%         6d3       100%        6
 Summon Cactus Giant      Summ           1%         N/A       100%        6
 Haunt                    Necr/Summ      1%         N/A       100%        7
 Monstrous Menagerie      Summ           1%         N/A       100%        7
 Orb of Destruction       Conj           1%         9d5       100%        7
 Ozocubu's Refrigeration  Ice            1%         4d7       100%        7
 Spellforged Servitor     Conj/Summ      1%         N/A       100%        7
 Borgnjor's Revivificati  Necr           1%         N/A       100%        8
 Lehudib's Crystal Spear  Conj/Erth      1%         10d2      100%        8
 Summon Horrible Things   Summ           1%         N/A       100%        8
 Chain Lightning          Conj/Air       1%         3d2       100%        9
 Death's Door             Necr           1%         N/A       100%        9
 Dragon's Call            Summ           1%         N/A       100%        9
 Simulacrum               Ice/Necr       Unusable   N/A       N/A         6

Dungeon Overview and Level Annotations

Branches:
Dungeon (15/15)            Temple (1/1) D:5            Lair (5/5) D:10
  Swamp (4/4) Lair:3        Snake (4/4) Lair:3        Slime (0/5) Lair:5
    Orc (2/2) D:9             Elf (3/3) Orc:2        Vaults (5/5) D:13
  Crypt (0/3) Vaults:3     Depths (4/4) D:15            Zot (5/5) Depths:4
Gauntlet (visited)

Altars:
Ashenzari
Cheibriados
Dithmenos
Fedhas
Gozag
Hepliaklqana
Kikubaaqudgha
Makhleb
Nemelex Xobeh
Okawaru
Qazlal
Ru
Sif Muna
Trog
Uskayaw
Vehumet
Wu Jian
Xom
Yredelemnul
Lugonu

Shops:
D:7 ?   D:10 [   D:12 =   Orc:2 [*:*([!   Elf:2 **[   Lair:5 !?   Swamp:2 =
Snake:3 ?(!=   Vaults:1 =   Depths:4 *[?

Portals:
Hell: Depths:4
Abyss: Lair:5 Depths:4
Ziggurat: Depths:1

Annotations:
D:4 2 transporters, Dega's ghost, amateur SpHu
D:8 Amaemon
Lair:2 1 runed translucent door, Jeiliat's ghost, journeyman DsCA
Lair:5 exclusion: oklob plant
Elf:2 6 transporters, 5 runed translucent doors
Vaults:2 1 runed translucent door, Yngio's ghost, adept DjFE
Depths:1 1 runed translucent door


Innate Abilities, Weirdness & Mutations

You are completely covered in thin metallic scales. (AC +4, rElec)
A demonic guardian rushes to your aid.
You are powered by pain.
Your magical and physical power is enhanced at high health.
Your touch may irresistibly damage your foes and sap their willpower.
Your mind is acute. (Int +4, Str/Dex -1)
Your flesh is cold resistant. (rC+)
You occasionally shout uncontrollably at your foes.
Your movements are slightly less encumbered by armour. (ER -2)
You have hidden genetic defects.


Message History

You punch the Ice Fiend!
You kill the Ice Fiend!
You now have 4499 gold pieces (gained 16).
There is a stone staircase leading up here.
You fly upwards.
There is a stone staircase leading down here.
You see here a +0 ring mail.
You see here a +0 club.
Aiming: Dig
Press: ? - help, Q - select action, (/) - cycle Shift-Dir - straight line You can't see that place. [a rock wall.]
The rock shatters into small pieces.
Blink to where?
Press: ? - help, Q - select action, (/) - cycle Dir - move target
As you read the scroll of blinking, it crumbles to dust.
Aiming: Dig
Press: ? - help, Q - select action, (/) - cycle Shift-Dir - straight line You can't see that place. [a rock wall.]
The rock shatters into small pieces.
Blink to where?
Press: ? - help, Q - select action, (/) - cycle Dir - move target
As you read the scroll of blinking, it crumbles to dust.
Aiming: Dig
Press: ? - help, Q - select action, (/) - cycle Shift-Dir - straight line A rock wall.
The rock shatters into small pieces.
Blink to where?
Press: ? - help, Q - select action, (/) - cycle Dir - move target
As you read the scroll of blinking, it crumbles to dust.
Aiming: Dig
Press: ? - help, Q - select action, (/) - cycle Shift-Dir - straight line You can't see that place. [the floor.]
The rock shatters into small pieces.
Blink to where?
Press: ? - help, Q - select action, (/) - cycle Dir - move target
As you read the scroll of blinking, it crumbles to dust.
You have escaped!

# ###.............### #.. #
##.................## #.#
##.........####......## #.#
##........########.....## #..
#.......####....###.....###...#
##......###........##.......##.#
#.......##...###..§..#....####.#
##......###..#+###...##....####'#
#.......##..###.@.#..##....##....
#......###..###.##..###....##....
#......###...#......##...(###....
........##....#######....## #....
........###....####......# #....
........# ##............#######'#
........## ####......#### #.....#
...>.....# ######## ####.#####
.........# ############.........


There were no monsters in sight!

Vanquished Creatures
  3 orbs of fire
  3 ancient liches
  Josephina (Zot:2)
  Margery (Vaults:3)
  A Killer Klown (Zot:5)
  Saint Roka (Snake:2)
  A curse toe (Zot:5)
  6 golden dragons
  Jory (Vaults:2)
  A profane servitor (D:4)
  A bone dragon (Depths:4)
  A Brimstone Fiend (D:8)
  A Hell Sentinel (D:14)
  An Ice Fiend (D:2)
  8 Orb Guardians
  A deep elf blademaster (Elf:3)
  7 titans
  13 tentacled monstrosities
  3 deep elf master archers (Elf:3)
  3 sphinxes
  2 quicksilver dragons
  2 Executioners
  3 death cobs (Zot:2)
  7 storm dragons
  8 shadow dragons
  2 thorn hunters (Swamp:4)
  6 tengu reavers
  Aizul (Snake:3)
  A draconian monk (Zot:4)
  2 fenstrider witches
  4 nagarajas
  5 fire giants
  A draconian knight (Zot:2)
  2 ghost moths
  4 balrugs
  An iron dragon (Vaults:5)
  6 frost giants
  12 vault wardens
  2 orc warlords
  9 deep elf sorcerers
  A draconian shifter (Zot:4)
  2 draconian scorchers
  3 deep elf elementalists
  A draconian stormcaller (Depths:4)
  A war gargoyle (Vaults:5)
  4 stone giants
  5 ironbound thunderhulks
  21 ironbound preservers
  2 green draconians
  3 very ugly things (Vaults:5)
  5 eleionomae
  2 deep elf demonologists
  4 black draconians
  5 deep elf annihilators
  3 bunyips
  3 purple draconians
  9 dire elephants
  A minotaur (Gauntlet)
  A red draconian (Zot:4)
  6 white draconians
  Azrael (Snake:3)
  5 yellow draconians
  The ghost of Gedefio the Devastator, a journeyman TeFE of Vehumet (Orc:2)
  2 ettins
  5 deep elf death magi
  3 green deaths
  14 yaktaur captains
  2 shambling mangroves
  5 great orbs of eyes
  25 vault guards
  4 fire dragons
  4 entropy weavers
  5 deep elf high priests
  2 rakshasas
  6 ice dragons
  24 hydras
  7 alligators
  2 ogre magi (Vaults:5)
  4 salamander tyrants (Snake:4)
  4 two-headed ogres
  2 spriggan air magi
  7 ghost crabs
  13 ironbound frosthearts
  9 anacondas
  An anaconda (shapeshifter) (Vaults:5)
  11 centaur warriors
  2 death knights (Vaults:3)
  6 dancing weapons
  3 tengu warriors
  4 boulder beetles
  3 spriggan berserkers (Depths:4)
  2 deep troll earth magi (Vaults:5)
  13 naga warriors
  2 deep troll shamans (Vaults:5)
  10 naga sharpshooters
  3 thrashing horrors (Lair:5)
  2 soul eaters
  Nergalle (D:12)
  3 sun demons
  An orc high priest (Orc:2)
  17 shock serpents
  7 deep elf knights
  8 hell knights
  A shadow wraith (Vaults:3)
  A skyshark (Lair:2)
  5 salamander mystics
  3 skeletal warriors (D:14)
  A fire crab (Gauntlet)
  2 goliath frogs
  6 spriggan druids
  2 death drakes
  2 glowing orange brains
  3 bog bodies
  20 swamp dragons
  2 naga ritualists
  16 ironbound convokers
  50 deep trolls
  An orange crystal statue (Gauntlet)
  18 deep elf pyromancers
  13 deep elf archers
  A harpy (Vaults:1)
  3 necromancers
  8 arcanists
  14 lindwurms
  6 phantasmal warriors (Vaults:5)
  A frost giant zombie (Vaults:1)
  6 mana vipers
  23 deep elf zephyrmancers
  A wolf spider zombie (D:14)
  17 salamanders
  10 orc sorcerers
  6 will-o-the-wisps
  30 ugly things
  A manticore (D:11)
  A shining eye (Depths:1)
  9 orc knights
  12 elephants
  2 cyclopes (Orc:2)
  A black mamba (shapeshifter) (D:15)
  A stone giant skeleton (Vaults:4)
  5 apocalypse crabs (Swamp:1)
  6 centaur zombies
  An ice statue (D:14)
  10 moths of wrath
  7 guardian serpents
  23 black mambas
  22 naga magi
  Joseph (D:10)
  5 large abominations
  A rust devil (D:14)
  An eye of devastation (Depths:1)
  5 molten gargoyles (D:15)
  16 vault sentinels
  A gargoyle (D:14)
  A torpor snail (Lair:4)
  2 cane toads (shapeshifter)
  A smoke demon (Lair:5)
  An unseen horror (D:12)
  14 cane toads
  6 rime drakes (Lair:4)
  3 centaur skeletons (D:15)
  2 kobold demonologists (D:14)
  7 komodo dragons
  A freezing wraith (D:14)
  18 yaktaurs
  4 red devils (D:14)
  An ice devil (D:14)
  3 tengu conjurers
  A golden dragon simulacrum (Zot:2)
  A polar bear (Lair:3)
  2 bloated husks (Swamp:1)
  2 hellwings (D:14)
  A polar bear (shapeshifter) (D:15)
  A troll (shapeshifter) (Lair:5)
  7 hornets
  8 trolls
  10 tyrant leeches
  A glass eye (Depths:1)
  4 saltlings (Orc:2)
  2 tarantellas (Vaults:4)
  2 raiju (Lair:5)
  A stone giant simulacrum (Vaults:4)
  A blink frog (shapeshifter) (D:13)
  23 blink frogs
  6 dream sheep (Lair:4)
  A snapping turtle (shapeshifter) (Vaults:4)
  41 slime creatures
  A slime creature (shapeshifter) (D:13)
  8 spriggans
  4 water elementals
  A vampire (D:14)
  5 shadows
  2 air elementals (Elf:2)
  6 wraiths
  8 wyverns
  2 ynoxinuls (Lair:5)
  41 yaks
  Eustachio (D:5)
  An elf simulacrum (Vaults:4)
  6 fire elementals
  A jumping spider (shapeshifter) (Vaults:5)
  2 purple draconian simulacra (Zot:2)
  3 fire bats (Gauntlet)
  3 redbacks (Vaults:4)
  3 steam dragons
  5 basilisks
  4 chaos spawn
  Grum (D:10)
  13 vampire mosquitoes
  10 wargs
  A yaktaur simulacrum (Vaults:1)
  15 swamp worms
  43 nagas
  19 water moccasins
  An acid dragon (D:12)
  10 swamp drakes
  2 hell hounds (Snake:3)
  24 orc warriors
  3 ice beasts
  2 black bears
  A human zombie (Vaults:4)
  5 ogres
  27 centaurs
  15 wolves
  4 kobold brigands
  19 bullfrogs
  2 gnoll sergeants
  A glowing shapeshifter simulacrum (Vaults:1)
  5 earth elementals
  7 scorpions
  11 small abominations (Lair:5)
  6 killer bees (D:11)
  3 electric eels (Lair:3)
  3 hounds
  12 jellies
  2 gnoll boudas
  14 orc priests
  Crazy Yiuf (D:7)
  A sleepcap (D:5)
  3 boggart zombies (D:14)
  6 iguanas
  16 orc wizards
  13 gnolls
  7 adders
  A white imp (D:7)
  3 worms
  3 dart slugs
  77 orcs
  8 endoplasms
  5 giant cockroaches
  2 goblins
  7 hobgoblins
  A quokka (D:3)
  7 ball pythons
  5 bats
  7 frilled lizards
  20 kobolds
  4 rats
1642 creatures vanquished.

Vanquished Creatures (collateral kills)
  2 dread liches (Zot:5)
  4 Killer Klowns (Zot:5)
  An electric golem (Zot:5)
  A tentacled monstrosity (Zot:5)
  11 Orb Guardians (Zot:5)
  2 quicksilver dragons
  A shadow dragon (Zot:2)
  A deep elf sorcerer (Elf:3)
  A ghost moth (Zot:5)
  A vault warden (Vaults:4)
  An ironbound preserver (Vaults:5)
  A very ugly thing (Vaults:5)
  A white draconian (Zot:2)
  A red draconian (Zot:5)
  2 yaktaur captains (Vaults:5)
  3 vault guards
  A great orb of eyes (Vaults:4)
  A rakshasa (D:15)
  An ogre mage (Vaults:5)
  An alligator (Swamp:2)
  3 deep trolls
  An ironbound convoker (Vaults:5)
  An arcanist (Vaults:4)
  A phantasmal warrior (Vaults:5)
  A wolf spider zombie (D:15)
  A will-o-the-wisp (Swamp:2)
  A mana viper (Snake:2)
  2 vault sentinels (Vaults:4)
  A moth of wrath (Zot:5)
  A tyrant leech (Swamp:2)
  2 slime creatures (D:13)
  A naga (Snake:1)
  An orc wizard (D:8)
  An orc (Orc:2)
56 creatures vanquished.

Vanquished Creatures (others)
  2 ancient liches
  A dread lich (Vaults:5)
  2 Killer Klowns (Zot:5)
  An electric golem (Zot:5)
  2 liches (Vaults:5)
  8 Orb Guardians (Zot:5)
  2 titans (Vaults:5)
  3 sphinxes (Vaults:5)
  A draconian knight (Zot:5)
  A draconian monk (Zot:5)
  A frost giant (Vaults:5)
  A vault warden (Vaults:5)
  An ironbound preserver (Vaults:5)
  A draconian shifter (Zot:5)
  A war gargoyle (Vaults:5)
  A stone giant (Vaults:5)
  A black draconian (Zot:5)
  A white draconian (Zot:5)
  A purple draconian (Zot:5)
  A deep elf high priest (Vaults:5)
  2 vault guards (Vaults:5)
  A spriggan druid (Swamp:1)
  A phantasmal warrior (Vaults:5)
  A vault sentinel (Vaults:5)
  A black mamba (Snake:3)
  A naga mage (Snake:3)
  2 storm dragon simulacra (Zot:2)
  A freezing wraith (Vaults:5)
  A bloated husk (Swamp:2)
  A tyrant leech (Swamp:4)
  A chaos spawn (Zot:3)
  A naga (Snake:3)
  An orc wizard (D:9)
  An orc (Orc:2)
  35 foxfires
84 creatures vanquished.

Grand Total: 1782 creatures vanquished

Notes
Turn   | Place    | Note
-------+----------+-------------------------------------------
     0 | D:1      | Unit the Demonspawn Warper began the quest for the Orb.
     0 | D:1      | Reached XP level 1. HP: 16/16 MP: 3/3
   339 | D:3      | Reached skill level 1 in Unarmed Combat
   339 | D:3      | Gained mutation: You are partially covered in thin metallic
                  | scales. (AC +2) [demonic ancestry]
   339 | D:3      | Reached XP level 2. HP: 22/22 MP: 5/5
   408 | D:3      | Reached skill level 2 in Unarmed Combat
   408 | D:3      | Gained mutation: Your touch may inflict minor irresistible
                  | damage on your foes. [demonic ancestry]
   408 | D:3      | Reached XP level 3. HP: 3/28 MP: 6/6
   912 | D:1      | Reached XP level 4. HP: 34/34 MP: 7/7
  1247 | D:1      | Found a faded altar of an unknown god.
  1558 | D:2      | Reached skill level 3 in Unarmed Combat
  2295 | D:4      | Noticed an ogre
  2376 | D:4      | Found a transporter.
  2377 | D:4      | Noticed Dega's ghost (amateur SpHu)
  2380 | D:4      | Identified the +5 giant club "Kainwiru" {freeze, Str+4}
  2380 | D:4      | Noticed an ogre
  2383 | D:4      | Found a transporter.
  2406 | D:4      | Found a basalt altar of Yredelemnul.
  2408 | D:4      | Found a blossoming altar of Fedhas.
  2408 | D:4      | Found a sacrificial altar of Ru.
  2408 | D:4      | Found a shimmering altar of Xom.
  2409 | D:4      | Found an ornate altar of the Wu Jian Council.
  2412 | D:4      | Found a stormy altar of Qazlal.
  2412 | D:4      | Found a sparkling altar of Nemelex Xobeh.
  2412 | D:4      | Found a shadowy altar of Dithmenos.
  2487 | D:4      | Noticed a scorpion
  2578 | D:4      | Reached XP level 5. HP: 32/41 MP: 8/8
  2828 | D:4      | Reached skill level 4 in Unarmed Combat
  3090 | D:5      | Entered Level 5 of the Dungeon
  3111 | D:4      | Gained mutation: You are mostly covered in thin metallic
                  | scales. (AC +3) [demonic ancestry]
  3111 | D:4      | Reached XP level 6. HP: 11/48 MP: 9/9
  3362 | D:5      | Reached skill level 5 in Unarmed Combat
  3483 | D:5      | Identified the +1 leather armour of the Kettle-Drum {rN++}
  3532 | D:5      | Found a staircase to the Ecumenical Temple.
  3588 | Temple   | Entered the Ecumenical Temple
  3934 | D:5      | Noticed Eustachio
  3939 | D:5      | Killed Eustachio
  3940 | D:5      | Gained mutation: Your touch may inflict irresistible damage
                  | on your foes. [demonic ancestry]
  3940 | D:5      | Reached XP level 7. HP: 43/55 MP: 10/10
  4314 | D:5      | Reached skill level 5 in Fighting
  4336 | D:6      | Reached skill level 6 in Unarmed Combat
  4686 | D:6      | Reached skill level 7 in Unarmed Combat
  4686 | D:6      | Gained mutation: You sometimes gain a little power by
                  | taking damage. [demonic ancestry]
  4686 | D:6      | Reached XP level 8. HP: 64/64 MP: 11/11
  5248 | D:6      | Reached skill level 8 in Unarmed Combat
  5542 | D:7      | Noticed a two-headed ogre
  5595 | D:7      | Found Nairaus's Magic Scroll Emporium.
  5602 | D:7      | Bought a scroll of fear for 60 gold pieces
  5602 | D:7      | Bought 2 scrolls of identify for 60 gold pieces
  5633 | D:7      | Noticed a hornet
  5639 | D:7      | Killed a hornet
  5647 | D:7      | Gained mutation: A weak demonic guardian rushes to your
                  | aid. [demonic ancestry]
  5647 | D:7      | Reached XP level 9. HP: 24/72 MP: 12/12
  6018 | D:7      | Reached skill level 9 in Unarmed Combat
  6039 | D:7      | Found a bloodstained altar of Trog.
  6039 | D:7      | Found a radiant altar of Vehumet.
  6553 | D:7      | Found a runed translucent door.
  6554 | D:7      | Noticed Crazy Yiuf
  6583 | D:7      | Killed Crazy Yiuf
  6846 | D:8      | Noticed an orange demon
  7035 | D:7      | Bought a scroll of identify for 30 gold pieces
  7035 | D:7      | Bought a scroll of identify for 30 gold pieces
  7043 | D:8      | Noticed Amaemon
  7296 | D:9      | Reached skill level 10 in Unarmed Combat
  7901 | D:9      | Found a hazy altar of Hepliaklqana.
  8242 | D:9      | Found a staircase to the Orcish Mines.
  8255 | D:9      | Reached XP level 10. HP: 82/82 MP: 13/13
  8367 | D:10     | Entered Level 10 of the Dungeon
  8396 | D:10     | Found a staircase to the Lair.
  8600 | D:10     | Reached skill level 11 in Unarmed Combat
  8616 | D:10     | Noticed a two-headed ogre
  8823 | D:10     | Killed a two-headed ogre
  9122 | D:10     | Noticed Grum
  9133 | D:10     | Killed Grum
  9381 | D:10     | Noticed Joseph
  9391 | D:10     | Killed Joseph
  9392 | D:10     | Reached skill level 12 in Unarmed Combat
  9543 | D:10     | Found Ziesch's Antique Armour Boutique.
  9711 | D:8      | Reached skill level 10 in Fighting
  9863 | D:8      | Found an opulent altar of Gozag.
  9882 | D:8      | Became a worshipper of Gozag Ym Sagoz the Greedy
  9884 | D:8      | Paralysed by Amaemon for 5 turns
 10446 | D:11     | Gained mutation: Your touch may irresistibly damage your
                  | foes and sap their willpower. [demonic ancestry]
 10446 | D:11     | Reached XP level 11. HP: 57/91 MP: 14/14
 11025 | D:12     | Reached skill level 13 in Unarmed Combat
 11189 | D:12     | Noticed Nergalle
 11198 | D:12     | Killed Nergalle
 11259 | D:12     | Noticed a green ugly thing
 11264 | D:12     | Killed a green ugly thing
 11528 | D:12     | Found Zoyjirev's Jewellery Shoppe.
 11550 | D:12     | Bought an amulet of regeneration for 330 gold pieces
 11606 | D:12     | Reached skill level 14 in Unarmed Combat
 11967 | D:13     | Noticed a two-headed ogre
 11978 | D:13     | Killed a two-headed ogre
 12003 | D:13     | Noticed a two-headed ogre
 12003 | D:13     | a two-headed ogre changed into a slime creature
 12049 | D:13     | Found a shadowy altar of Dithmenos.
 12066 | D:13     | Noticed a centaur warrior
 12079 | D:13     | Killed a centaur warrior
 12239 | D:13     | Gained mutation: You are completely covered in thin
                  | metallic scales. (AC +4, rElec) [demonic ancestry]
 12239 | D:13     | Reached XP level 12. HP: 79/101 MP: 15/15
 12276 | D:13     | Noticed a centaur warrior
 12288 | D:13     | Killed a centaur warrior
 12302 | D:13     | Noticed a seven-headed hydra
 12393 | D:13     | Killed a seven-headed hydra
 12526 | D:13     | Noticed a centaur warrior
 12537 | D:13     | Killed a centaur warrior
 12544 | D:13     | Reached skill level 15 in Unarmed Combat
 12651 | D:13     | Noticed a boulder beetle
 12686 | D:13     | Killed a boulder beetle
 12795 | D:13     | Noticed an ironbound preserver
 12806 | D:13     | Killed an ironbound preserver
 12829 | D:13     | Found a gate to the Vaults.
 13117 | D:7      | Bought a scroll of acquirement for 780 gold pieces
 13117 | D:7      | Acquired the scarf of Koca {+Inv, Fly Regen+ Str+6 Stlth+}
 13200 | IceCv    | Identified the "Oxygah"
 13200 | Orc:1    | Entered Level 1 of the Orcish Mines
 13200 | Orc:1    | Noticed an orc warlord
 13215 | Orc:1    | Killed an orc warlord
 13507 | Orc:2    | Entered Level 2 of the Orcish Mines
 13507 | Orc:2    | Noticed Gedefio's ghost (journeyman TeFE)
 13507 | Orc:2    | Found a transporter.
 13523 | Orc:2    | Found Xeqe's Distillery.
 13528 | Orc:2    | Found a staircase to the Elven Halls.
 13532 | Orc:2    | Bought a potion of lignification for 45 gold pieces
 13532 | Orc:2    | Bought a potion of heal wounds for 75 gold pieces
 13532 | Orc:2    | Bought a potion of curing for 45 gold pieces
 13532 | Orc:2    | Bought a potion of might for 60 gold pieces
 13861 | Orc:2    | Found Mixtuv Ynat's Armour Boutique.
 13871 | Orc:2    | Bought a +2 ring mail of fire resistance for 357 gold
                  | pieces
 13914 | Orc:2    | Reached skill level 16 in Unarmed Combat
 13927 | Orc:2    | Paralysed by an orc sorcerer for 2 turns
 14055 | Orc:2    | Noticed an ettin
 14103 | Orc:2    | Killed an ettin
 14153 | Orc:2    | Noticed an orc high priest
 14164 | Orc:2    | Gained mutation: You sometimes gain power by taking damage.
                  | [demonic ancestry]
 14164 | Orc:2    | Reached XP level 13. HP: 111/111 MP: 16/16
 14216 | Orc:2    | Found Jyleow's Assorted Antiques.
 14267 | Orc:2    | Found Vun Umaq's Antique Armour Shoppe.
 14277 | Orc:2    | Bought a scroll of identify for 58 gold pieces
 14298 | Orc:2    | Found Huwe's General Store.
 14325 | Orc:2    | Found Bobyah's Book Shoppe.
 14377 | Orc:2    | Found a transporter.
 14429 | Orc:2    | Found Raod Kukh's Antique Weapon Shop.
 14533 | Orc:2    | Reached skill level 1 in Armour
 14536 | Orc:2    | Found Deung's General Store.
 14558 | Orc:2    | Bought a scroll of revelation for 105 gold pieces
 14558 | Orc:2    | Bought a potion of invisibility for 112 gold pieces
 15041 | Lair:1   | Entered Level 1 of the Lair of Beasts
 15409 | Lair:1   | You are sucked into a shaft and drop 1 floor!
 15530 | Lair:1   | Reached skill level 5 in Armour
 16453 | Orc:2    | Bought shiny gold dragon scales for 1743 gold pieces
 16596 | Orc:2    | Killed Gedefio's ghost
 16624 | Orc:2    | Identified the +0 helmet of the Game of Life {rF++ Dex-3
                  | Stlth+}
 16639 | Orc:2    | Identified the ring "Mutuygay" {rC+ Will+ Str+3}
 16922 | Lair:2   | Found a runed translucent door.
 16922 | Lair:2   | Found a shimmering altar of Xom.
 16922 | Lair:2   | Noticed Jeiliat's ghost (journeyman DsCA)
 17066 | Lair:2   | Found the +8 trishula "Condemnation" {holy, anguish, *Noise
                  | Fly rN+}
 17125 | Lair:2   | Reached XP level 14. HP: 118/118 MP: 17/17
 17762 | Lair:3   | Found a staircase to the Snake Pit.
 17963 | Lair:3   | Found a staircase to the Swamp.
 18232 | Lair:3   | Reached skill level 10 in Armour
 19511 | Lair:5   | Entered Level 5 of the Lair of Beasts
 19514 | Lair:5   | Bought 2 potions of heal wounds for 170 gold pieces
 19514 | Lair:5   | Bought a potion of might for 68 gold pieces
 19514 | Lair:5   | Bought a potion of mutation for 136 gold pieces
 19514 | Lair:5   | Bought a potion of invisibility for 136 gold pieces
 19514 | Lair:5   | Bought a potion of might for 68 gold pieces
 19514 | Lair:5   | Bought a potion of lignification for 51 gold pieces
 19711 | Lair:5   | Found a staircase to the Slime Pits.
 19975 | Lair:5   | Found a corrupted altar of Lugonu.
 19975 | Lair:5   | Found a one-way gate to the infinite horrors of the Abyss.
 20052 | Lair:5   | Reached skill level 17 in Unarmed Combat
 20162 | Lair:5   | Gained mutation: You are powered by pain. [demonic
                  | ancestry]
 20162 | Lair:5   | Reached XP level 15. HP: 122/125 MP: 18/18
 20728 | Lair:5   | Bought a scroll of revelation for 90 gold pieces
 20728 | Lair:5   | Bought a scroll of revelation for 90 gold pieces
 20728 | Lair:5   | Bought a scroll of poison for 48 gold pieces
 20728 | Lair:5   | Bought a scroll of immolation for 48 gold pieces
 20728 | Lair:5   | Bought a scroll of fear for 48 gold pieces
 20728 | Lair:5   | Bought a scroll of blinking for 90 gold pieces
 20765 | Snake:1  | Entered Level 1 of the Snake Pit
 22203 | Snake:2  | Reached skill level 15 in Fighting
 22414 | Snake:2  | Reached skill level 18 in Unarmed Combat
 22598 | Snake:2  | Noticed Saint Roka
 22624 | Snake:2  | Killed Saint Roka
 22728 | Snake:2  | Noticed a nagaraja
 22736 | Snake:2  | Killed a nagaraja
 22917 | Snake:2  | Noticed a nagaraja
 22935 | Snake:2  | Killed a nagaraja
 23246 | Snake:2  | Gained mutation: Your magical and physical power is
                  | slightly enhanced at high health. [demonic ancestry]
 23246 | Snake:2  | Reached XP level 16. HP: 138/138 MP: 19/19
 24153 | Snake:3  | Noticed Azrael
 24154 | Snake:3  | Found Sefa's Jewellery Shoppe.
 24154 | Snake:3  | Found Xutt's Magic Scroll Emporium.
 24155 | Snake:3  | Found Xoite's Antique Weapon Emporium.
 24174 | Snake:3  | Killed Azrael
 24209 | Snake:3  | Found Xiocw's Distillery.
 24217 | Snake:3  | Bought a potion of invisibility for 80 gold pieces
 24217 | Snake:3  | Bought a potion of berserk rage for 50 gold pieces
 24217 | Snake:3  | Bought 2 potions of might for 80 gold pieces
 24217 | Snake:3  | Bought a potion of heal wounds for 50 gold pieces
 24220 | Snake:3  | Bought a scroll of immolation for 72 gold pieces
 24220 | Snake:3  | Bought a scroll of immolation for 72 gold pieces
 24220 | Snake:3  | Bought a scroll of blinking for 135 gold pieces
 24220 | Snake:3  | Bought a scroll of revelation for 135 gold pieces
 24220 | Snake:3  | Bought a scroll of teleportation for 54 gold pieces
 24220 | Snake:3  | Bought a scroll of enchant armour for 135 gold pieces
 24318 | Snake:3  | Identified the serpent talisman "Durov" {*Slow rC+ Dex+3}
 24318 | Snake:3  | Noticed Aizul
 24325 | Snake:3  | Killed Aizul
 24404 | Snake:4  | Entered Level 4 of the Snake Pit
 24498 | Snake:4  | Reached skill level 19 in Unarmed Combat
 25163 | Snake:4  | Noticed a quicksilver dragon
 25172 | Snake:4  | Killed a quicksilver dragon
 25181 | Snake:4  | Got a serpentine rune of Zot
 25692 | Swamp:1  | Entered Level 1 of the Swamp
 25942 | Swamp:1  | Reached XP level 17. HP: 124/149 MP: 20/20
 26066 | Swamp:1  | Found a runed translucent door.
 26379 | Swamp:1  | Reached skill level 20 in Unarmed Combat
 26660 | Swamp:2  | Found the +4 robe of Folly {Brill Will-∞ Int+8}
 26850 | Swamp:2  | Paralysed by a fenstrider witch for 3 turns
 26975 | Swamp:2  | Acquired 572 gold pieces
 27788 | Swamp:4  | Entered Level 4 of the Swamp
 27803 | Swamp:4  | Noticed a tentacled monstrosity
 27811 | Swamp:4  | Killed a tentacled monstrosity
 27950 | Swamp:4  | Noticed a tentacled monstrosity
 28137 | Swamp:4  | Reached skill level 21 in Unarmed Combat
 28238 | Swamp:4  | Got a decaying rune of Zot
 28420 | Swamp:4  | Reached XP level 18. HP: 150/160 MP: 21/21
 28560 | Swamp:4  | Killed a tentacled monstrosity
 29052 | Vaults:5 | Identified the of Wimmiemye
 29052 | Vaults:5 | Identified the of Lellomor
 29052 | Crypt:3  | Identified the "Yclole"
 29052 | Depths:1 | Identified the "Imigup"
 29052 | Depths:3 | Identified the of Udauch
 29052 | Elf:1    | Entered Level 1 of the Elven Halls
 29639 | Elf:1    | Identified the orb of Going Fast {mayhem, Rampage rF+
                  | Str-4}
 29731 | Elf:1    | Identified the +3 leather armour of Reason {rElec}
 30108 | Elf:2    | Found Gummon's Antique Armour Shop.
 30118 | Elf:2    | Found a shimmering blue altar of Sif Muna.
 30150 | Elf:2    | Found a transporter.
 30157 | Elf:2    | Found a transporter.
 30192 | Elf:2    | Found a transporter.
 30203 | Elf:2    | Found a transporter.
 30310 | Elf:2    | Found a transporter.
 30316 | Elf:2    | Found a transporter.
 30363 | Elf:2    | Paralysed by an air elemental for 1 turns
 30458 | Elf:2    | Found a huge runed translucent gate.
 30458 | Elf:2    | Found a huge runed translucent gate.
 30458 | Elf:2    | Found a huge runed translucent gate.
 30458 | Elf:2    | Found a huge runed translucent gate.
 30460 | Elf:2    | Found a huge runed translucent gate.
 30602 | Elf:2    | Found Temeuf's General Store.
 30604 | Elf:2    | Found Quegg's Specific Store.
 30612 | Elf:2    | Bought a scroll of blinking for 97 gold pieces
 30612 | Elf:2    | Bought a scroll of teleportation for 39 gold pieces
 30701 | Elf:3    | Identified the "Doplu Qoca"
 30701 | Elf:3    | Entered Level 3 of the Elven Halls
 30861 | Elf:3    | Acquired 1074 gold pieces
 30985 | Elf:3    | Reached skill level 22 in Unarmed Combat
 31416 | Elf:3    | Found the +8 lance "Wyrmbane" {slay drac, rPois rF+ rC+
                  | AC+3}
 31421 | Elf:3    | Identified the +10 shadow dragon scales of the Desolation
                  | of Salt {Rampage *Slow rF+ Dex+6 Stlth++++}
 31434 | Elf:3    | Identified the ring of Vuhatsem {rCorr Str+2 Dex+6}
 31450 | Elf:3    | Identified the +9 short sword of Erachiles {heavy, *Slow
                  | rPois Str+6}
 31511 | Elf:3    | Identified the +16 gold dragon scales of the Trombone
                  | {*Corrode rPois rF+ rC+ rN+ Int+3}
 31530 | Elf:3    | Identified the +6 fire dragon scales "Hoqaivis" {Rampage
                  | rF++ rC-}
 31972 | Vaults:1 | Entered Level 1 of the Vaults
 31998 | Vaults:1 | Bought the ring of Untruth {Drain Fly rN+++ rCorr Stlth-}
                  | for 793 gold pieces
 32347 | Vaults:1 | Reached XP level 19. HP: 150/172 MP: 22/22
 32719 | Vaults:1 | Reached skill level 1 in Shields
 32893 | Vaults:1 | Reached skill level 5 in Shields
 34179 | Vaults:2 | Noticed Jory
 34194 | Vaults:2 | Killed Jory
 34251 | Vaults:2 | Reached skill level 10 in Shields
 34410 | Vaults:2 | Identified the +1 leather armour of the Pleiades {rC+}
 34589 | Vaults:2 | Gained mutation: A demonic guardian rushes to your aid.
                  | [demonic ancestry]
 34589 | Vaults:2 | Reached XP level 20. HP: 177/180 MP: 23/23
 34655 | Vaults:2 | Identified the +0 ring mail of the Cricket {SInv}
 35024 | Vaults:2 | Found a runed translucent door.
 35024 | Vaults:2 | Found a shimmering altar of Xom.
 35024 | Vaults:2 | Noticed Yngio's ghost (adept DjFE)
 35557 | Vaults:3 | Found a staircase to the Crypt.
 35678 | Vaults:3 | Noticed Margery
 35700 | Vaults:3 | Killed Margery
 37375 | Vaults:4 | Reached skill level 15 in Shields
 38015 | Vaults:4 | Identified the +4 dagger "Giantslayer" {freeze, rF+}
 38016 | Vaults:4 | Identified the ring "Byr Odas" {rC+ Will+ Dex+6}
 38053 | Vaults:4 | Identified the +4 mace of Tentacled Action {distort, rF+
                  | rCorr SInv}
 38255 | Vaults:5 | Entered Level 5 of the Vaults
 38267 | Vaults:5 | Noticed a dread lich
 38274 | Vaults:5 | Noticed a golden dragon
 38327 | Vaults:5 | Killed a golden dragon
 38339 | Vaults:5 | Noticed a golden dragon
 38343 | Vaults:5 | Banished a golden dragon
 38381 | Vaults:5 | Reached XP level 21. HP: 181/186 MP: 24/24
 38390 | Vaults:5 | Noticed an ancient lich
 38396 | Vaults:5 | Killed an ancient lich
 38801 | Vaults:5 | Identified the amulet of Qaytrughi {RegenMP rPois rF+ rC-
                  | Int+5}
 38992 | Vaults:5 | Identified the amulet of Riuso {Spirit +Blink rCorr Dex-3
                  | SInv}
 39069 | Vaults:5 | Identified the +4 war axe "Vysunu" {flame, rPois Str+3}
 39451 | Vaults:5 | Noticed a golden dragon
 39467 | Vaults:5 | Killed a golden dragon
 39527 | Vaults:5 | Noticed an ancient lich
 39540 | Vaults:5 | Killed an ancient lich
 39737 | Vaults:5 | Identified the +5 ring mail of the Enchanted Forest {rN+
                  | Str+5 Dex-5}
 39862 | Vaults:5 | Noticed a golden dragon
 39882 | Vaults:5 | Killed a golden dragon
 40075 | Vaults:5 | Got a silver rune of Zot
 40534 | D:14     | Found a frozen archway.
 40816 | D:14     | Found an ornate altar of the Wu Jian Council.
 40984 | D:14     | Reached XP level 22. HP: 171/194 MP: 25/25
 41008 | D:14     | Found a burning altar of Makhleb.
 41023 | D:14     | Identified the +5 chain mail of Ydaepnem {Will+ Dex+3}
 41325 | D:15     | Entered Level 15 of the Dungeon
 41437 | D:15     | Found a snail-covered altar of Cheibriados.
 41470 | D:15     | Found a staircase to the Depths.
 41504 | D:15     | Found a gate leading to a gauntlet.
 41530 | Gauntlet | Entered a Gauntlet
 41530 | Gauntlet | Found a transporter.
 41540 | Gauntlet | Found a transporter.
 41554 | Gauntlet | Found a transporter.
 41559 | Gauntlet | Found a transporter.
 41574 | Gauntlet | Found a transporter.
 41593 | Gauntlet | Found a transporter.
 41605 | Gauntlet | Found a transporter.
 41617 | Gauntlet | Found a transporter.
 41629 | Gauntlet | Found a transporter.
 41635 | Gauntlet | Found a transporter.
 41635 | Gauntlet | Found a transporter.
 41650 | Gauntlet | Found a transporter.
 41667 | Gauntlet | Found a transporter.
 41686 | Gauntlet | Found a transporter.
 41712 | Gauntlet | Found a transporter.
 41712 | Gauntlet | Found the ring of the Mage {Wiz Archmagi}
 41747 | Gauntlet | Found a transporter.
 41749 | Gauntlet | Found a transporter.
 41856 | Gauntlet | Identified the ring "Oruipowa" {rPois Int+6}
 41865 | Gauntlet | Found the +8 Wrath of Trog {antimagic, *Rage Rampage}
 41880 | Gauntlet | Identified the ring of Temperance {+Blink rCorr Int+3}
 42065 | Depths:1 | Entered Level 1 of the Depths
 42067 | Depths:1 | Gained mutation: You sometimes lose your temper in combat.
                  | [a shining eye]
 42068 | Depths:1 | Found a one-way gateway to a ziggurat.
 42073 | Depths:1 | Gained mutation: You have an uncontrollable temper. [a
                  | shining eye]
 42212 | Depths:1 | Noticed a juggernaut
 42217 | Depths:1 | Found a runed translucent door.
 42305 | Depths:1 | Lost mutation: You have an uncontrollable temper. [potion
                  | of mutation]
 42305 | Depths:1 | Lost mutation: You sometimes lose your temper in combat.
                  | [potion of mutation]
 42305 | Depths:1 | Gained mutation: You expend magic power (3 MP) to
                  | strengthen your wands. [potion of mutation]
 42305 | Depths:1 | Gained mutation: Your mind is acute. (Int +4, Str/Dex -1)
                  | [potion of mutation]
 42305 | Depths:1 | Gained mutation: Your movements are slightly less
                  | encumbered by armour. (ER -2) [potion of mutation]
 42380 | Depths:3 | Found a radiant altar of Vehumet.
 42413 | Depths:4 | Entered Level 4 of the Depths
 42433 | Depths:4 | Found Wotoadev's Magic Scroll Shop.
 42437 | Depths:4 | Found Carhi's Antique Armour Boutique.
 42438 | Depths:4 | Found Usudusin's Assorted Antiques.
 42457 | Depths:4 | Bought a scroll of enchant armour for 135 gold pieces
 42457 | Depths:4 | Bought a scroll of blinking for 135 gold pieces
 42457 | Depths:4 | Bought a scroll of enchant armour for 135 gold pieces
 42597 | Depths:4 | Found a gateway to Hell.
 42801 | Depths:4 | Found a gate to the Realm of Zot.
 42809 | Zot:1    | Entered Level 1 of the Realm of Zot
 42882 | Zot:2    | Noticed a golden dragon
 42884 | Zot:2    | Noticed an orb of fire
 42916 | Zot:2    | Killed an orb of fire
 42983 | Zot:2    | Reached skill level 23 in Unarmed Combat
 43033 | Zot:2    | Identified the ring "Girira" {Ice Will+ Int+6 Dex+3}
 43033 | Zot:2    | Noticed Josephina
 43050 | Zot:2    | Killed Josephina
 43127 | Zot:2    | Killed a golden dragon
 43492 | Zot:4    | Noticed a golden dragon
 43524 | Zot:4    | Killed a golden dragon
 43650 | Zot:5    | Identified the of Luff
 43650 | Zot:5    | Entered Level 5 of the Realm of Zot
 43840 | Zot:5    | Noticed a golden dragon
 43847 | Zot:5    | Killed a golden dragon
 43868 | Zot:5    | Noticed an orb of fire
 43872 | Zot:5    | Killed a dread lich
 43876 | Zot:5    | Noticed a Killer Klown
 43876 | Zot:5    | Noticed a Killer Klown
 43877 | Zot:5    | Noticed a Killer Klown
 43878 | Zot:5    | Gained mutation: Your magical and physical power is
                  | enhanced at high health. [demonic ancestry]
 43878 | Zot:5    | Reached XP level 23. HP: 205/205 MP: 26/26
 43880 | Zot:5    | Noticed an ancient lich
 43880 | Zot:5    | Noticed a Killer Klown
 43895 | Zot:5    | Killed a Killer Klown
 43896 | Zot:5    | Killed a Killer Klown
 43914 | Zot:5    | Noticed an ancient lich
 43921 | Zot:5    | Noticed a Killer Klown
 43924 | Zot:5    | Noticed an orb of fire
 43928 | Zot:5    | Gained mutation: You are frail. (-10% HP) [an orb of fire]
 43929 | Zot:5    | Killed an orb of fire
 43930 | Zot:5    | Noticed a Killer Klown
 43930 | Zot:5    | Killed a Killer Klown
 43931 | Zot:5    | Noticed an orb of fire
 43934 | Zot:5    | Noticed a dread lich
 43937 | Zot:5    | Killed an ancient lich
 43942 | Zot:5    | Noticed a Killer Klown
 43947 | Zot:5    | Killed a Killer Klown
 43949 | Zot:5    | Killed a Killer Klown
 43949 | Zot:5    | Gained mutation: You occasionally shout uncontrollably at
                  | your foes. [an orb of fire]
 43949 | Zot:5    | Noticed an ancient lich
 43953 | Zot:5    | Killed a dread lich
 43954 | Zot:5    | Reached skill level 24 in Unarmed Combat
 43958 | Zot:5    | Noticed a curse toe
 43963 | Zot:5    | Killed an ancient lich
 43967 | Zot:5    | Gained mutation: You occasionally lose the ability to drink
                  | potions when taking damage. [an orb of fire]
 43968 | Zot:5    | Gained mutation: You frequently scream uncontrollably at
                  | your foes. [an orb of fire]
 43976 | Zot:5    | Killed a curse toe
 43981 | Zot:5    | Killed an orb of fire
 43985 | Zot:5    | Lost mutation: You frequently scream uncontrollably at your
                  | foes. [potion of mutation]
 43985 | Zot:5    | Lost mutation: You occasionally lose the ability to drink
                  | potions when taking damage. [potion of mutation]
 43985 | Zot:5    | Gained mutation: You occasionally lose the ability to read
                  | scrolls when taking damage. [potion of mutation]
 43985 | Zot:5    | Gained mutation: Your spells are a little harder to cast,
                  | but a little more powerful. [potion of mutation]
 43986 | Zot:5    | Lost mutation: Your spells are a little harder to cast, but
                  | a little more powerful. [potion of mutation]
 43986 | Zot:5    | Lost mutation: You expend magic power (3 MP) to strengthen
                  | your wands. [potion of mutation]
 43986 | Zot:5    | Gained mutation: You are weak. (Str -2) [potion of
                  | mutation]
 43987 | Zot:5    | Lost mutation: You are frail. (-10% HP) [potion of
                  | mutation]
 43987 | Zot:5    | Lost mutation: You occasionally lose the ability to read
                  | scrolls when taking damage. [potion of mutation]
 43987 | Zot:5    | Lost mutation: You are weak. (Str -2) [potion of mutation]
 43987 | Zot:5    | Gained mutation: You are robust. (+10% HP) [potion of
                  | mutation]
 44100 | Zot:5    | Got the Orb of Zot
 44113 | Zot:5    | Gained mutation: You have hidden genetic defects.
                  | [mutagenic glow]
 44122 | Zot:5    | Lost mutation: You are robust. (+10% HP) [mutagenic glow]
 44137 | Zot:5    | Gained mutation: Your flesh is cold resistant. (rC+)
                  | [mutagenic glow]
 44691 | D:4      | Noticed Ifudow the pandemonium lord
 44733 | D:3      | Noticed Adodipeg the pandemonium lord
 44816 | D:$      | Escaped with the Orb!

Illustrated notes

Levels and vault maps discovered:
D:1:      dpeg_arrival_snail, layout_basic, nicolae_ecumenical_snake_handling,
          minmay_pentomino_v2
D:2:      layout_basic
D:3:      layout_loops_ring
D:4:      layout_rooms, nicolae_overflows_in_rows, gammafunk_ghost_smash,
          nicolae_houndstooth_variations
D:5:      layout_basic, minmay_temple_entry_enclosed_plants, uniq_eustachio
D:6:      layout_cave_pools, serial_rivers, chequers_serial_rivers_large_a,
          chequers_serial_rivers_micro_e, chequers_serial_rivers_large_b,
          chequers_serial_rivers_room_b, chequers_serial_rivers_micro_a,
          chequers_serial_rivers_small_a, dk_noncrumbling_4
D:7:      layout_basic, jmf_multi_god_temple, serial_shops,
          nicolae_shop_tiny_statue_garden, uniq_crazy_yiuf_cottage
D:8:      layout_layer_cave, grunt_gozag_breadcrumbs, minmay_misc_feat_chi,
          uniq_amaemon
D:9:      layout_loops_ring, kennysheep_mini_moat, erik_orc_1
D:10:     minmay_evil_eye, layout_long_grid, lair_entry_dummy, serial_shops,
          nicolae_shop_back_alley_shop, minmay_lizard_king, uniq_joseph,
          uniq_grum
D:11:     layout_basic
D:12:     layout_basic, serial_shops, nicolae_shop_advertising_works
          [nicolae_subvault_shop_adworks], fungi_pond_lemuel, uniq_nergalle
D:13:     layout_gridville, hellmonk_vaults_order_and_chaos,
          nicolae_dithmenos_shadow_blocks
D:14:     evilmike_makhleb_hellhole, layout_loops_ring, serial_undead,
          serial_undead_a, serial_undead_f, serial_undead_d, serial_undead_b,
          serial_undead_f, serial_undead_b, nzn_wu_jian_contemplation,
          portal_ice_cave_entry_ice_statue_two
D:15:     grunt_enter_depths_magical_seal, layout_basic, gauntlet_entry_generic,
          cheibriados_altar_1, serial_bayou, serial_bayou_crossing,
          serial_bayou_pond_d, serial_bayou_pond_c, serial_bayou_pond_d,
          minivault_8
Temple:   nicolae_temple_ecumenical_triangle
Lair:1:   layout_cellular_growth, infiniplex_staircase_pool, grunt_megastairs_1,
          lemuel_fruit_fields
Lair:2:   layout_cave_shapes, ebering_ghost_xom, grunt_megastairs_3
Lair:3:   layout_long_grid, minmay_swamp_entry_eels,
          minmay_snake_entry_guardpost_medium
Lair:4:   nzn_winding_woodlands_stair_cross
          [nzn_winding_woodlands_5x15_concentric,
          nzn_winding_woodlands_center_garden,
          nzn_winding_woodlands_5x15_garden,
          nzn_winding_woodlands_5x5_perimeter,
          nzn_winding_woodlands_5x5_open_star, nzn_winding_woodlands_5x15_pool,
          nzn_winding_woodlands_center_lodge, nzn_winding_woodlands_5x15_eye],
          layout_regular_city
Lair:5:   hellmonk_lair_end_abyssal_woods, layout_cave_pods,
          minmay_slime_entry_jelly_boxes
Swamp:1:  gammafunk_mikee_crab_dinner, layout_basic_swamp,
          nicolae_swamp_some_circles, st_swamp_ruins_2
Swamp:2:  layout_falls_marsh, nicolae_swamp_very_dense_foliage
Swamp:3:  layout_falls_marsh, evilmike_swamp_ruin_house_3, swamp_pool1
Swamp:4:  swamp, layout_basic_swamp, nicolae_swamp_rocky_clearing, swamp_pool3
Snake:1:  layout_chambers, lemuel_fruit_tree
Snake:2:  layout_layer_cave, uniq_saint_roka
Snake:3:  layout_rooms, minmay_shoptagon, uniq_azrael, uniq_aizul
Snake:4:  hellmonk_snake_rune_quicksilver_temple, layout_cave_town
Orc:1:    layout_caves
Orc:2:    hellmonk_orc_salted, layout_caves, gammafunk_ghost_berserking_beasts,
          serial_shops, shop, shop, shop, shop
Elf:1:    elf_arrival_001, layout_loops_corners, kennysheep_underground_church,
          drop_trap
Elf:2:    elven_hall_of_blades_hangedman_alternative [nicolae_blade_lattice],
          layout_geoelf_octagon, basic_altar, serial_shops, shop,
          nicolae_specific_store, serial_nicolae_subway,
          nicolae_sub_station_stone, nicolae_sub_station_crystal,
          nicolae_sub_station_metal
Elf:3:    minmay_elf_hall, layout_geoelf_grid, minivault_27
Vaults:1: nicolae_vaults_ellipses_ellipsis, vaults_room_boxed,
          ontoclasm_vaults_shout, nicolae_vaults_bisected_slash,
          nicolae_vaults_windows_and_doors_thing, nicolae_vaults_wine_cellar,
          vaults_dpeg_encased_lava, vaults_room_semicircle, v_alt_pattern_2,
          nicolae_vaults_cochlea, layout_vaults_quadrants
Vaults:2: ebering_ghost_xom, v_misc_16, nicolae_vaults_network_periphery,
          nicolae_vaults_offset_grid_hallway_1, v_misc_4,
          nicolae_vaults_weapon_check, vaults_room_glass_cross,
          nicolae_vaults_mitosis, v_misc_28, vaults_dpeg_doors,
          layout_vaults_maze_bifur, uniq_jory
Vaults:3: blue_anna_dwarven_crypt, v_alt_pattern_2, ontoclasm_vaults_spin,
          grunt_vaults_hallway_long, nicolae_vaults_apartment_2,
          nicolae_vaults_trapezoid_lopsided_1, nicolae_vaults_double_plus_1,
          ontoclasm_vaults_eye, hangedman_vaults_nodes, vaults_mumra_hex,
          v_pattern_5, nicolae_vaults_little_squares_3,
          nicolae_vaults_ring_of_whatevers, vaults_dpeg_emergency_exit,
          layout_vaults_big_cross, uniq_margery
Vaults:4: v_rooms_1, nicolae_vaults_hallways_thing, v_alt_pattern_3,
          nicolae_vaults_closet_pinwheel_2, ontoclasm_vaults_hangar,
          nicolae_vaults_storing_the_good_stuff,
          nicolae_vaults_storage_room_water, layout_vaults_chaotic_city
Vaults:5
Depths:1: layout_gridville, enter_ziggurat_c, ebering_ghost_reflecting_pool,
          enter_trove_0, grunt_hell_entry_dis_mu, minmay_st_funbox, st_stairs_2,
          nicolae_figureground_pulse
Depths:2: kennysheep_six_static_rooms, layout_cave_pools, hell_entry,
          rand_demon_pan_entry_1, chequers_serial_rivers_small_3, serial_bayou,
          serial_bayou_lagoon_a, serial_bayou_pond_a, serial_bayou_pond_e,
          serial_bayou_pond_d, serial_bayou_pond_e, lemuel_blue_sif_altar,
          uniq_mara
Depths:3: minmay_expanding_circles, layout_honeycomb, hell_entry, abyss_entry,
          vehumet_crystals, infiniplex_staircase_zigzag_4
Depths:4: evilmike_zot_entry_hall, layout_cave_pools, abyss_entry,
          pf_dread_powers_of_hell, minmay_door_square, minmay_shop_star
Zot:1:    layout_gridlike, regret_index_zot_stipple_split
Zot:2:    layout_misc_corridors, uniq_josephina
Zot:3:    gammafunk_its_a_trap, layout_gridlike
Zot:4:    layout_gridlike
Zot:5:    layout_cellular_growth, st_stairs_2

Skill      XL: |  1  2  3  4  5  6  7  8  9 10 11 12 13 14 15 16 17 18 19 20 21 22 23 |
---------------+----------------------------------------------------------------------+-----
Unarmed Combat | 1 2 3 4 5 7 8 10 12 14 16 17 18 19 21 22 23 24 | 24.3
Fighting       | 3 4 5 7 8 10 11 13 15 17 19 21 22 23 | 23.7
Armour         | 8 13 | 13.0
Shields        | 11 15 19 20 | 20.0
Polearms       | |  1.7
Throwing       | |  0.8
Dodging        | |  1.7
Spellcasting   | |  2.0
Translocations | |  2.6

Action                     |  1- 3 |  4- 6 |  7- 9 | 10-12 | 13-15 | 16-18 | 19-21 | 22-24 || total
---------------------------+-------+-------+-------+-------+-------+-------+-------+-------++-------
  Melee: Unarmed           |    63 |   157 |   231 |   380 |  1045 |  1054 |  1617 |   898 ||  5445
         Touch             |     8 |    25 |    45 |    97 |   214 |   233 |    45 |       ||   667
         Punch             |     1 |     2 |     7 |    34 |   105 |   141 |    34 |       ||   324
  Throw: Dart              |     3 |       |     8 |    17 |       |       |       |       ||    28
         Throwing net      |       |       |       |     1 |       |       |       |       ||     1
 Invoke: Potion Petition   |       |       |       |       |     1 |       |     2 |     3 ||     6
         Call Merchant     |       |       |       |       |     2 |     2 |       |       ||     4
         Bribe Branch      |       |       |       |       |       |       |     1 |     2 ||     3
  Evoke: Wand              |       |     3 |    25 |     6 |       |     7 |     4 |     9 ||    54
         Phantom mirror    |       |       |       |       |       |       |       |     1 ||     1
    Use: Scroll            |       |     8 |    14 |    14 |    10 |    13 |     9 |    29 ||    97
         Potion            |       |     3 |     4 |     3 |     4 |     4 |     3 |     7 ||    28
   Stab: Sleeping          |     1 |       |       |       |       |       |       |       ||     1
         Distracted        |       |       |       |     1 |     7 |     5 |    20 |     9 ||    42
         Held in net/web   |       |       |       |     2 |       |       |       |       ||     2
         Invisible         |       |       |       |     1 |       |     5 |     2 |     2 ||    10
         Confused          |       |       |       |       |       |       |     2 |       ||     2
 Armour: Leather armour    |    28 |    74 |   176 |   352 |       |       |       |       ||   630
         Skin              |       |     6 |     4 |    14 |    41 |       |       |       ||    65
         Scale mail        |       |     9 |       |       |       |       |       |       ||     9
         Ring mail         |       |       |       |    18 |   136 |       |       |       ||   154
         Gold dragon scale |       |       |       |       |   793 |  1275 |  1253 |   717 ||  4038
  Dodge: Dodged            |    29 |    70 |   135 |   204 |   288 |   229 |   257 |   129 ||  1341
  Block: Tower shield      |       |       |       |       |       |       |   961 |   863 ||  1824

Table legend: (Time is in decaauts)
 A = Elapsed time spent in this place.
 B = Non-inter-level travel time spent in this place.
 C = Inter-level travel time spent in this place.
 D = Time resting spent in this place.
 E = Time spent auto-exploring this place.
 F = Levels seen in this place.
 G = Mean time per level.
                   A        B        C        D        E       F      G
               +--------+--------+--------+--------+--------+-----+--------+
         Total |  43181 |  37847 |   5334 |   1542 |  27187 |  49 |  881.2 |
       Dungeon |  15197 |  12824 |   2373 |   1300 |   8800 |  15 | 1013.1 |
        Temple |      9 |      1 |      8 |      0 |      0 |   1 |    9.0 |
          Lair |   5210 |   4780 |    430 |      0 |   3892 |   5 | 1042.0 |
         Swamp |   3035 |   2863 |    172 |     31 |   2155 |   4 |  758.8 |
     Snake Pit |   4686 |   4378 |    308 |     11 |   3440 |   4 | 1171.5 |
  Orcish Mines |   2030 |   1556 |    474 |     10 |   1133 |   2 | 1015.0 |
   Elven Halls |   2676 |   2498 |    178 |      0 |   1933 |   3 |  892.0 |
        Vaults |   7912 |   7456 |    456 |    117 |   5492 |   5 | 1582.4 |
        Depths |    796 |    434 |    362 |     18 |     80 |   4 |  199.0 |
           Zot |   1288 |    719 |    569 |     47 |     95 |   5 |  257.6 |
      Gauntlet |    337 |    337 |      0 |      7 |    166 |   1 |  337.0 |
               +--------+--------+--------+--------+--------+-----+--------+

Top non-repeatable levels by time:
Vaults:1: 1937 daAuts
Vaults:5: 1818 daAuts
     D:9: 1513 daAuts
Vaults:3: 1416 daAuts
   Orc:2: 1413 daAuts
 Snake:1: 1397 daAuts
Vaults:4: 1396 daAuts
     D:7: 1391 daAuts
 Snake:2: 1368 daAuts
    D:10: 1351 daAuts
Vaults:2: 1343 daAuts
     D:5: 1197 daAuts
  Lair:5: 1165 daAuts
    D:13: 1165 daAuts
  Lair:4: 1149 daAuts
